[Event "Qatar Masters 2024"]
[Site "Doha"]
[Date "2024.12.03"]
[Round "1.60"]
[White "Uskov, Artem"]
[Black "Garv Rai"]
[Result "1-0"]
[Annotator "TA"]
[ECO "C65"]
[WhiteElo "2430"]
[BlackElo "2277"]
[PlyCount "85"]
[EventDate "2024.11.24"]
[EventType "swiss"]
[EventCountry "QAT"]
[SourceTitle "playchess.com"]
[Source "ChessBase"]
[SourceQuality "1"]
[TimeControl "40/5400+30:1800+30"]

1. e4 e5 2. Nf3 Nc6 3. Bb5 Nf6 4. d3 Bc5 5. c3 d5 6. Nbd2 dxe4 7. dxe4 O-O 8. O-O a5 9. Qc2 Qe7 10. a4 Nb8 11. h3 c6 12. Bd3 Nbd7 13. Rd1 Re8 14. Nc4 h6 15. Bd2 Nh5 16. Qb1 Nf4 (16... Nb6 $11 {is superior.}) 17. Bf1 Qf6 {[%emt 0:00:54][%cal Of4h3] And now ...Nxh3+! would win.} 18. b4 axb4 (18... Ba7 $11) 19. cxb4 $16 {[%emt 0:00:42][%cal Od2f4] and Bxf4! should not be overlooked} Bf8 20. Ra3 Rb8 21. Ne1 b5 22. axb5 Rxb5 (22... cxb5 $11 {keeps the balance.} 23. Na5 Qg6) 23. Rf3 Qg6 24. Rg3 Qh5 {[%emt 0:02:12] [#]} (24... Qh7 $11) 25. Nf3 $1 Nf6 (25... Kh8 $16 {is a better defense.} 26. Qc2 Nf6) 26. Re1 Bd7 27. Qb2 ({White should try} 27. Bc3 $18) 27... Bxb4 $2 28. Bxb4 $18 c5 {[%emt 0:00:22] [#]} 29. Ncxe5 $1 Rxb4 {[%emt 0:00:44] [#]} 30. Nxd7 $1 Rxb2 31. Nxf6+ Kf8 32. Nxh5 Nxh5 33. Rg4 Nf6 34. Rf4 Rb4 35. Bd3 Rd8 36. Bc2 Ke7 37. Rf5 Rc4 38. Bb3 Rc3 39. e5 Nd5 40. Bxd5 Rxd5 41. Rf4 c4 42. Rg4 g6 {[%emt 0:00:56] [#]} 43. e6 $1 1-0

[Event "Qatar Masters 2024"]
[Site "Doha"]
[Date "2024.12.03"]
[Round "1.61"]
[White "Vignesh Advaith Vemula"]
[Black "Mammadzada, Gunay"]
[Result "1/2-1/2"]
[Annotator "TA"]
[ECO "C45"]
[WhiteElo "2276"]
[BlackElo "2417"]
[PlyCount "64"]
[EventDate "2024.11.24"]
[EventType "swiss"]
[EventCountry "QAT"]
[SourceTitle "playchess.com"]
[Source "ChessBase"]
[SourceQuality "1"]
[TimeControl "40/5400+30:1800+30"]

1. e4 e5 2. Nf3 Nc6 3. d4 exd4 4. Nxd4 Nf6 5. Nxc6 bxc6 6. e5 Qe7 7. Qe2 Nd5 8. c4 Ba6 9. Nd2 g6 10. Nf3 Qb4+ 11. Kd1 $1 Ne7 12. Bg5 Bg7 13. Qd2 Qxd2+ 14. Bxd2 c5 15. Bd3 Bb7 16. Re1 O-O 17. Be3 d6 18. exd6 cxd6 19. Bxc5 dxc5 20. Rxe7 Bc6 {[%emt 0:05:04] This pair of bishops is nice.} (20... Bxb2 $5 21. Rb1 $8 Bxf3+ 22. gxf3 Bf6 $11) 21. Rb1 Rfe8 22. Rxe8+ Rxe8 23. Kc2 Bxf3 24. gxf3 $11 {[%emt 0:00:05][%mdl 4096] Endgame KRB-KRB. White is a pawn up.} Rb8 25. Be4 Be5 26. h3 Bd4 27. b4 cxb4 ({Much worse is} 27... Bxf2 28. b5 $16) 28. Rd1 Bxf2 29. Rd7 Re8 30. Kb3 Bc5 31. Ka4 {[%emt 0:03:11][%mdl 1024] White has compensation.} a6 ({Better is} 31... Re7 $11 32. Rxe7 Bxe7) 32. Rd5 (32. Ka5 $14) 32... Rc8 1/2-1/2

[Event "Qatar Masters 2024"]
[Site "Doha"]
[Date "2024.12.03"]
[Round "1.62"]
[White "Harsh Suresh"]
[Black "Binu, Devdutt"]
[Result "1-0"]
[Annotator "TA"]
[ECO "A30"]
[WhiteElo "2431"]
[BlackElo "2274"]
[PlyCount "59"]
[EventDate "2024.11.24"]
[EventType "swiss"]
[EventCountry "QAT"]
[SourceTitle "playchess.com"]
[Source "ChessBase"]
[SourceQuality "1"]
[TimeControl "40/5400+30:1800+30"]

1. Nf3 Nf6 2. g3 g6 3. b3 Bg7 4. Bb2 b6 5. Bg2 Bb7 6. c4 c5 7. O-O O-O 8. d4 cxd4 9. Qxd4 Nc6 10. Qh4 d6 11. Rd1 Qc7 12. Nc3 {[%emt 0:05:56] White is better.} Rad8 ({Black should try} 12... Qd7) 13. Nd5 $16 {[%emt 0:07:05] White is more active.} Nxd5 14. Bxg7 Kxg7 15. cxd5 Ne5 {[%emt 0:06:06][%cal Bc6e5,Be5d7,Bd7f6,Bf6d5][%mdl 32] [#]} 16. Nd4 {[%emt 0:00:11] Strongly threatening f4.} Rde8 17. Rac1 $36 {[%emt 0:08:36][%cal Ba1c1,Bc1c2,Bc2c7][%mdl 2080] Keeping Black busy.} Qd8 18. Rc2 Nd7 19. Rdc1 Nf6 20. Qg5 {[%emt 0:02:57] Hoping for Rc7.} Kg8 $2 (20... Nd7 21. b4 Kh8) 21. Rc7 $18 h6 (21... Qb8 $142 22. Nf5 Nxd5) 22. Qxh6 {[%emt 0:00:46] White is clearly winning.} Bxd5 23. Bxd5 Nxd5 {[%emt 0:02:07] [#]} 24. Ne6 $1 fxe6 25. Qxg6+ (25. Rxa7 Kf7 (25... Rf6 26. e4 $11) 26. Qh7+ Kf6 27. Qh4+ Kg7 28. Qd4+ Kg8 $19) 25... Kh8 26. Qh6+ (26. Rxa7 Rf6 27. Qh5+ Kg7 $11) 26... Kg8 27. Qxe6+ ({Weaker is} 27. Rxa7 Rf6 28. Qh5 Kg7 $11) 27... Kg7 28. Qxd5 Rf6 29. Qb7 Qa8 30. Rxe7+ {[%emt 0:00:11] Black got outplayed after the opening.   Weighted Error Value: White=0.02 (flawless) /Black=0.51.  Mistake:       	---       	Black=3      Inaccurate:     	---       	Black=2      OK:         	White=7     	Black=4      Best:        	White=3     	Black=1} 1-0

[Event "Qatar Masters 2024"]
[Site "Doha"]
[Date "2024.12.03"]
[Round "1.63"]
[White "George Samir, David"]
[Black "Akhmetov, Ayan"]
[Result "0-1"]
[Annotator "TA"]
[ECO "A43"]
[WhiteElo "2208"]
[BlackElo "2417"]
[PlyCount "56"]
[EventDate "2024.11.24"]
[EventType "swiss"]
[EventCountry "QAT"]
[SourceTitle "playchess.com"]
[Source "ChessBase"]
[SourceQuality "1"]
[TimeControl "40/5400+30:1800+30"]

1. d4 Nf6 2. Bg5 c5 3. d5 d6 4. Nc3 g6 5. e4 Bg7 6. f3 O-O 7. Qd2 a6 8. a4 Re8 9. Nge2 Nbd7 10. g4 Ne5 11. Bg2 $1 Rb8 12. h4 b5 13. axb5 axb5 14. h5 b4 15. Nd1 b3 $36 {[%emt 0:02:54][%mdl 2048] White is under pressure.} 16. c3 $1 e6 17. hxg6 fxg6 18. Bh6 $2 {[%emt 0:18:37][%mdl 8192] [#]} (18. Ra7 $11 {and White stays safe.}) 18... Bxh6 $1 $19 19. Rxh6 (19. Qxh6 $142 exd5 20. g5) 19... exd5 20. exd5 (20. g5 {only move.} dxe4 21. gxf6 exf3 22. f7+ Nxf7 (22... Kxf7 $2 23. Ra7+ Rb7 24. Rxb7+ Bxb7 25. Rxh7+ Kg8 26. Rxb7 $19) 23. Bxf3 Nxh6 24. Qxh6) 20... Qe7 21. Kf1 {[%emt 0:04:07] [#]} (21. Rh2 $142 Qf7 22. Ra4) 21... Nfxg4 $1 22. fxg4 (22. Rh1 Nc4) 22... Nc4 ({Weaker is} 22... Nxg4 23. Rh3 $17) 23. Qd3 Bxg4 24. Kg1 Bxe2 25. Qh3 Bxd1 26. Rxd1 Nxb2 27. Ra1 Nc4 {[%emt 0:00:28] And now ...b2 would win.} 28. Be4 b2 0-1

[Event "Qatar Masters 2024"]
[Site "Doha"]
[Date "2024.12.03"]
[Round "1.64"]
[White "Begmuratov, Khumoyun"]
[Black "Jaiveer Mahendru"]
[Result "1/2-1/2"]
[Annotator "TA"]
[ECO "C50"]
[WhiteElo "2416"]
[BlackElo "2273"]
[PlyCount "112"]
[EventDate "2024.11.24"]
[EventType "swiss"]
[EventCountry "QAT"]
[SourceTitle "playchess.com"]
[Source "ChessBase"]
[SourceQuality "1"]
[TimeControl "40/5400+30:1800+30"]

1. e4 e5 2. Nf3 Nc6 3. Bc4 Bc5 4. d3 d6 5. Be3 Bxe3 6. fxe3 Be6 7. Bb3 Nf6 8. Nc3 O-O 9. O-O Bxb3 10. axb3 d5 11. Qe2 a6 12. Rad1 d4 13. exd4 exd4 14. Nb1 Ng4 15. Rfe1 Qd7 16. h3 {[%emt 0:08:51] Prevents f5.} Ne3 17. Rc1 f5 18. c3 (18. Nxd4 $2 Nxg2 (18... Nxd4 19. Qxe3 f4 20. Qf2 $17) 19. Qxg2 Nxd4 $19 (19... Qxd4+ $2 20. Kh1 $17)) 18... f4 (18... fxe4 19. dxe4 Rxf3 20. Qxf3 $16) 19. Nbd2 Rad8 20. Nc4 b5 ({Black should try} 20... Nxc4 $1 $15 21. bxc4 b5) 21. Nxe3 $11 dxe3 22. d4 Rde8 23. Qc2 Kh8 24. Ra1 g5 {[%emt 0:06:27] ...g4 is the strong threat.} 25. Rxa6 (25. Nxg5 $2 Rg8 26. h4 h6 $19) 25... g4 (25... Nb8 $1 $11 26. Ra8 Qc6) 26. hxg4 $16 Nb8 {[%emt 0:02:27] [#]} 27. Rh6 $1 Qxg4 28. e5 Re7 {[%emt 0:00:50] [#]} 29. e6 Qg7 $14 30. Rh5 {[%emt 0:00:39] Really sharp!} Rxe6 {[%emt 0:01:56] [#]} 31. Rxh7+ $1 Qxh7 32. Qxh7+ Kxh7 33. Ng5+ Kg6 34. Nxe6 {[%emt 0:00:06][%mdl 4096] Endgame KRN-KRN. White is a pawn up.} Rf6 $1 35. Nxc7 Kf5 36. Nd5 (36. Nxb5 Nc6 $16) 36... Rd6 37. c4 (37. Nxe3+ {simplifies} fxe3 38. Rxe3 Nd7 39. Kf2) 37... bxc4 (37... Nc6 $6 38. Rf1 (38. cxb5 Nxd4 39. Nxe3+ fxe3 $11) 38... Kg5 39. Rxf4 bxc4 40. bxc4 $16) 38. bxc4 Nc6 39. Rf1 Nxd4 (39... Kg5 $1 $11 {keeps the balance.}) 40. Nxe3+ $16 ({Reject} 40. Nxf4 Kg4 $11) 40... Ke4 41. Nd5 f3 42. Re1+ Kd3 43. g4 (43. g3 $14) 43... Kxc4 $11 44. Nf4 Rf6 45. Re4 Rb6 46. g5 Rxb2 47. g6 Rb1+ 48. Kf2 {[%emt 0:00:06] aiming for g7.} Rb2+ 49. Kg3 Rb1 50. Re5 (50. Re8 $1 $14) 50... Ra1 (50... Rf1 $1 $11) 51. Rh5 (51. Re8 $1 $14) 51... Rg1+ 52. Kf2 Rg4 {[%emt 0:00:45] [#]} 53. Rh1 $1 Rxf4 (53... Ne2 54. Kxf3) 54. g7 {[%emt 0:00:05] Against Rf8} Rg4 55. Rg1 Rxg7 $1 56. Rxg7 Kd3 1/2-1/2

[Event "Qatar Masters 2024"]
[Site "Doha"]
[Date "2024.12.03"]
[Round "1.65"]
[White "Yakubbaeva, Nilufar"]
[Black "Klukin, Kirill"]
[Result "0-1"]
[Annotator "TA"]
[ECO "E11"]
[WhiteElo "2241"]
[BlackElo "2413"]
[PlyCount "126"]
[EventDate "2024.11.24"]
[EventType "swiss"]
[EventCountry "QAT"]
[SourceTitle "playchess.com"]
[Source "ChessBase"]
[SourceQuality "1"]
[TimeControl "40/5400+30:1800+30"]

1. d4 Nf6 2. c4 e6 3. Nf3 Bb4+ 4. Bd2 Qe7 5. a3 Bxd2+ 6. Qxd2 O-O 7. Nc3 d6 8. e4 e5 9. d5 Nbd7 10. b4 {[%emt 0:09:04] Against Nc5} a5 11. Rb1 axb4 12. axb4 Nb6 13. Be2 Bg4 14. Ng1 Bxe2 15. Qxe2 c6 16. Nf3 Ra3 17. Rc1 Rb3 18. dxc6 Rxb4 19. cxb7 Qxb7 20. Nd2 Rc8 21. O-O Nxc4 {[%emt 0:02:48] Black is more active.} 22. Nd5 Nxd5 $19 23. Rxc4 (23. exd5 {was called for.} Qxd5 24. Rfd1) 23... Rbxc4 24. Nxc4 Nc3 25. Qd3 Qxe4 26. Qxe4 Nxe4 {[%emt 0:00:05][%mdl 4096] Endgame KRN-KRN. Black is two pawns up.} 27. Ra1 g6 (27... Rxc4 28. Ra8+) 28. Ne3 Nf6 29. g4 Kg7 30. g5 Ne4 31. h4 h6 32. f3 Nd2 (32... Rc3 $142 33. gxh6+ Kxh6 34. Ng4+ Kg7 35. Nxe5 (35. fxe4 Rg3+ 36. Kf2 Rxg4 $19) 35... Ng3 (35... Nd2 $2 36. Ra2 $19)) 33. Kf2 hxg5 34. hxg5 Nc4 (34... Nb3 $19 35. Ra6 Nd4 36. Rxd6 Ne6) 35. Nd5 $15 Rb8 36. Nf6 $1 Nb6 37. Rb1 {[%emt 0:00:52] [#]} Nd7 $1 38. Rxb8 Nxb8 {[%emt 0:00:03] KN-KN. Black is two pawns up.} 39. Ne8+ Kf8 40. Nxd6 Ke7 41. Nc4 Ke6 42. Ke3 Nd7 43. f4 $2 {[%emt 0:02:19][%mdl 8192] [#]} (43. Ke4 $15) 43... Kf5 $1 $19 44. Nd6+ Kg4 45. fxe5 Nxe5 (45... Kxg5 46. Ke4 $11) 46. Ne4 Kf5 47. Nd6+ Kxg5 {[%emt 0:00:00] Strongly threatening ...f5.} 48. Ke4 f6 49. Ne8 Nf7 50. Nc7 Kg4 {[%emt 0:00:00] ( -> ...f5+)} 51. Kd5 Kf5 (51... Ng5 $142 52. Kd4 f5) 52. Ne8 g5 53. Ng7+ {[%emt 0:00:00] [#]} Kg6 $1 ({Stronger than} 53... Kg4 54. Ke6 $11) 54. Ne8 g4 55. Ke4 Kg5 56. Ng7 Nd6+ 57. Kd5 {[%emt 0:00:00] [#]} g3 $1 58. Ne6+ Kg4 59. Nd4 Nf5 60. Ne2 Kf3 61. Ng1+ Kg2 62. Ne2 Kf2 63. Nf4 Ng7 0-1

[Event "Qatar Masters 2024"]
[Site "Doha"]
[Date "2024.12.03"]
[Round "1.66"]
[White "Rakhmatullaev, Almas"]
[Black "Al Hosani, Omran"]
[Result "1/2-1/2"]
[Annotator "TA"]
[ECO "B40"]
[WhiteElo "2410"]
[BlackElo "2227"]
[PlyCount "134"]
[EventDate "2024.11.24"]
[EventType "swiss"]
[EventCountry "QAT"]
[SourceTitle "playchess.com"]
[Source "ChessBase"]
[SourceQuality "1"]
[TimeControl "40/5400+30:1800+30"]

1. e4 c5 2. Nf3 e6 3. g3 Nc6 4. Bg2 Nf6 5. Qe2 e5 6. O-O Be7 7. c3 d6 8. Na3 O-O 9. Nc2 Re8 10. d3 Be6 11. Bg5 b5 12. a3 Rb8 13. Ne3 h6 14. Bxf6 Bxf6 15. Nd2 b4 (15... Ne7 $11) 16. axb4 $16 cxb4 17. Ndc4 Qd7 18. Nd5 Bxd5 19. exd5 Ne7 20. Ra6 Nc8 21. Bf3 {[%emt 0:08:23] White is more active.} (21. Qh5 $16) 21... Nb6 $14 22. Ne3 bxc3 23. bxc3 Na4 24. Bg4 (24. Rc6 $16) 24... Nxc3 25. Qf3 (25. Qc2 $14 Qb5 26. Rxd6) 25... Qd8 (25... Qb5 {is interesting.} 26. Rxa7 Qxd3 27. Qf5 Qd4) 26. Rxa7 e4 27. dxe4 Nxe4 28. Rd7 Qb6 29. Bh5 {[%emt 0:01:13] [#]} (29. Qf4 $1 $11) 29... Nd2 $1 $17 30. Bxf7+ {[%emt 0:18:54] White is weak on the dark squares} (30. Qf4 $17 Nxf1 31. Bxf7+ (31. Ng4 Kh8 $11) 31... Kf8 (31... Kh8 32. Rxd6 Qc7 33. Rxf6 $17) 32. Nxf1) 30... Kh8 $19 31. Qd1 Nxf1 32. Nxf1 (32. Ng4 $2 Qb1 33. Qxb1 Rxb1 $19) 32... Rf8 33. Kg2 (33. Ne3 $142) 33... Qb5 34. Be6 {[%emt 0:01:23][%cal Of1e3] [#]} Qc5 $2 ({Black should play} 34... Qb2 $1 $19 {...Bd4 would now be deadly.} 35. Qf3 Be7) 35. Ne3 $1 $11 Rb2 36. Qf3 Rbb8 37. Nf5 Be5 $1 38. Rf7 Rxf7 39. Bxf7 Qc3 40. Qxc3 Bxc3 41. Nxd6 {[%emt 0:30:05][%mdl 4096] Endgame KRB-KBN} Bb4 42. Ne4 Rf8 43. Be6 g6 44. d6 Kg7 45. f4 Rd8 46. d7 Kf8 47. h4 Ke7 48. Bh3 Ra8 49. f5 gxf5 50. Bxf5 Rf8 51. Bg4 Ba5 52. h5 Bb6 53. Bh3 Bd4 54. Bg4 Kd8 55. Nd6 Be5 56. Nc4 (56. Nb7+ {simplifies} Ke7 57. d8=N Rxd8 58. Nxd8 Kxd8 59. Bf3) 56... Bc7 {[%emt 0:00:00][%mdl 1024] Black has compensation.} 57. Ne3 Bb8 58. Nd5 Bd6 59. Be6 Be7 60. g4 Rf6 61. Bf5 ({White should try} 61. Nxf6 $16 Bxf6 62. Bf5) 61... Rd6 62. Ne3 Rd4 63. Kf3 Bg5 64. Nc2 Rc4 65. Ne1 Rc3+ 66. Kg2 Bh4 67. Nf3 Rxf3 1/2-1/2

[Event "Qatar Masters 2024"]
[Site "Doha"]
[Date "2024.12.03"]
[Round "1.67"]
[White "Khoder, Akram"]
[Black "Ahmad, Khagan"]
[Result "1/2-1/2"]
[Annotator "TA"]
[ECO "E73"]
[WhiteElo "2232"]
[BlackElo "2406"]
[PlyCount "83"]
[EventDate "2024.11.24"]
[EventType "swiss"]
[EventCountry "QAT"]
[SourceTitle "playchess.com"]
[Source "ChessBase"]
[SourceQuality "1"]
[TimeControl "40/5400+30:1800+30"]

1. d4 Nf6 2. c4 g6 3. Nc3 Bg7 4. e4 d6 5. Be2 O-O 6. Be3 e5 7. d5 a5 8. g4 Na6 9. g5 Nd7 10. h4 Ndc5 {[%emt 0:05:48] White is slightly better.} 11. Qd2 c6 12. h5 cxd5 13. cxd5 Bd7 $1 14. h6 Bh8 15. f3 Qe8 16. O-O-O (16. Nh3 $11) 16... b5 $15 {[%emt 0:01:54] Threatens to win with ...b4.} 17. Re1 b4 18. Nd1 Ba4 19. Bxa6 Nxa6 20. Kb1 Qd7 21. Ne2 Rfc8 22. b3 (22. Nc1 $17 {was called for.}) 22... Bb5 $2 (22... Bxb3 $1 $19 {Strongly threatening ...Bc2+.} 23. axb3 a4) 23. Nb2 a4 24. bxa4 (24. Rc1 axb3 25. Rxc8+ Rxc8 26. axb3 Qe8) 24... Bxa4 25. Rc1 {[%emt 0:00:03] Dodges Bc2+. Active counter play!} Rcb8 26. Nc4 (26. Nxa4 $15 Qxa4 27. Qb2) 26... Qd8 $1 $17 27. Qb2 Rb5 (27... Nc5 $17 {...b3 would now be deadly.} 28. Bxc5 dxc5) 28. Nd4 $15 {[%emt 0:07:51] Dodges b3} exd4 29. Bxd4 {[%emt 0:00:04] [#]} Bc2+ $1 30. Kxc2 (30. Qxc2 $2 Bxd4 31. Qg2 Nc5 $19) (30. Rxc2 b3 31. axb3 Nc5 (31... Bxd4 $2 32. Qxd4 f6 33. Rb2 $18) 32. Bxh8 Rxb3 $15 (32... Nxb3 33. Qg7#)) 30... b3+ $2 (30... Nc5 $1 $15 {keeps the upper hand.} 31. Bf6 (31. Bxh8 $2 Rxa2 32. Qxa2 b3+ $19) 31... Bxf6 32. Qxf6 Rxa2+ 33. Kb1 Qxf6 34. gxf6 Ra8 (34... Ra6 35. e5 $11)) 31. axb3 $18 Nb4+ 32. Kd1 Ra2 {[%emt 0:00:33] [#]} 33. Qc3 (33. Bxh8 Rxb2 34. Bf6 Qb8 (34... Rxd5+ $2 35. exd5 Qa8 36. Bxb2 $18) 35. Nxb2 Na6 $18) 33... Nxd5 34. exd5 Rxd5 35. Rh4 {[%emt 0:00:24][%cal Oc4b6] And now Nb6! would win.} Rxg5 36. Qe3 {[%emt 0:00:39] Prevents Rg1+.} (36. Bxh8 {gets mated.} Rg1+) (36. Nb6 $142 Rf2 (36... Rg1+ $2 37. Bxg1 Bxc3 38. Rxc3 $18) 37. Re4 Rf1+ 38. Kc2 (38. Re1 Rxe1+ 39. Kxe1 Rc5 $14) 38... Rxc1+ (38... Bxd4 $2 39. Qxd4 Rxc1+ 40. Kxc1 $18) 39. Kxc1) 36... Bxd4 37. Qxd4 Rd5 38. Qxd5 Qxh4 39. Nb2 $1 (39. Qxd6 $2 Qh1#) 39... Qh3 {[%emt 0:00:34][%mdl 8192] [#] Prevents Rc8+.} (39... Qh1+ $16 40. Kc2 Qxh6 (40... Qh2+ $2 41. Kd3 $18) 41. Qxd6 (41. Kb1 Ra1+ 42. Kxa1 Qxc1+ 43. Ka2 Qe3 $18) 41... Ra8) 40. Rc2 $1 Ra1+ 41. Kd2 $2 (41. Ke2 $18 {is the precise move to win.}) 41... Qxh6+ $16 42. Kd3 {[%emt 0:00:00] Weighted Error Value: White=0.32/Black=0.37.  Loses game:     	---       	Black=2      Missed win:     	White=1     	Black=1      Mistake:       	White=4     	Black=1      Inaccurate:     	White=1     	Black=1      OK:         	White=13    	Black=15     Best:        	White=5     	Black=3      Strong:       	White=2     	Black=2} 1/2-1/2

[Event "Qatar Masters 2024"]
[Site "Doha"]
[Date "2024.12.03"]
[Round "1.68"]
[White "Socko, Monika"]
[Black "Luong Phuong Hanh"]
[Result "1-0"]
[Annotator "TA"]
[ECO "C08"]
[WhiteElo "2403"]
[BlackElo "2216"]
[PlyCount "85"]
[EventDate "2024.11.24"]
[EventType "swiss"]
[EventCountry "QAT"]
[SourceTitle "playchess.com"]
[Source "ChessBase"]
[SourceQuality "1"]
[TimeControl "40/5400+30:1800+30"]

1. e4 e6 2. d4 d5 3. Nd2 c5 4. exd5 exd5 5. Ngf3 Nf6 6. Bb5+ Bd7 7. Bxd7+ Nbxd7 8. O-O Be7 9. dxc5 Nxc5 10. Nb3 O-O 11. Nxc5 Bxc5 12. Bg5 Rc8 13. c3 Be7 14. Qb3 Ne4 (14... h6 $14 15. Bh4 Re8) 15. Bxe7 $16 Qxe7 16. Qxd5 Rcd8 17. Qf5 Nd2 18. Rfe1 Nxf3+ 19. Qxf3 ({But not} 19. gxf3 $6 Qd6 $11) 19... Qc7 20. Rad1 Rxd1 21. Rxd1 {[%emt 0:00:09][%mdl 4096] Endgame KQR-KQR. White is a pawn up.} h6 22. g3 {[%emt 0:01:28] White is more active.} Re8 23. Kg2 Re6 24. Rd2 g6 25. Qd5 Re7 26. c4 b6 27. Qd8+ Kg7 28. Qxc7 Rxc7 {[%emt 0:00:01] KR-KR. White is a pawn up.} 29. b3 Kf6 30. Kf3 Ke6 31. Ke4 f5+ 32. Kd4 Kf6 (32... Rd7+ {was worth a try.} 33. Kc3 Rc7) 33. b4 $18 Re7 34. c5 Re4+ 35. Kc3 b5 $2 (35... bxc5 36. bxc5 Ke7) 36. Rd6+ Kg5 37. Rd4 {[%emt 0:00:27] and Rxe4 would now be decisive} Re1 38. Rd2 Re4 39. Kb3 Re7 40. c6 Rc7 41. Rd6 Kh5 (41... Re7 $142 42. f3 Rg7) 42. Kc3 g5 43. Kd4 1-0

[Event "Qatar Masters 2024"]
[Site "Doha"]
[Date "2024.12.03"]
[Round "1.69"]
[White "Sultan, Ibrahim"]
[Black "Nazari, Arad"]
[Result "0-1"]
[Annotator "TA"]
[ECO "D30"]
[WhiteElo "2205"]
[BlackElo "2401"]
[PlyCount "180"]
[EventDate "2024.11.24"]
[EventType "swiss"]
[EventCountry "QAT"]
[SourceTitle "playchess.com"]
[Source "ChessBase"]
[SourceQuality "1"]
[TimeControl "40/5400+30:1800+30"]

1. d4 e6 2. c4 Nf6 3. Nf3 d5 4. e3 c6 5. Nbd2 Nbd7 6. Bd3 a6 7. b3 dxc4 8. bxc4 Bd6 9. O-O e5 10. Bb2 Qe7 11. Ne4 Nxe4 12. Bxe4 O-O 13. dxe5 Bc7 14. Bc2 Re8 15. e6 fxe6 16. Qd3 g6 17. Qc3 e5 18. Nd2 Bd6 19. Ne4 Bb4 20. Qb3 a5 21. a3 Nc5 22. Qa2 Bf5 23. axb4 Bxe4 24. Bxe4 Nxe4 25. bxa5 Qf7 26. f4 Nd2 27. fxe5 Nxf1 28. Rxf1 Qd7 29. Qb3 Re6 30. c5 Rf8 31. Rf6 Rfe8 32. Bd4 R8e7 33. h3 Qd5 34. Qb2 Rd7 35. Qf2 Rxf6 36. exf6 Kf7 37. Qf4 Qe6 38. Qh6 Kg8 39. Qf4 Qe8 40. Kh1 Qd8 (40... Kf8 $11) 41. Qe4 Kf7 42. a6 bxa6 43. Qxc6 Ra7 (43... Rxd4 $1 $11 44. exd4 Qxd4) 44. Qe4 (44. Kg1 $142) 44... Rc7 $16 45. Qb1 (45. Qh4 $16 Ke6 46. Qf2) 45... Qd7 46. Qb3+ Qe6 47. Qb8 Qc6 $2 (47... Qc8 $14 48. Qb3+ Qe6) 48. Qh8 $18 Ke6 49. Qg8+ Rf7 50. Qb8 (50. Bc3 $18 {is more deadly.} a5 51. e4 (51. Bxa5 Qxc5 52. Qd8 Rf8 $17)) 50... Rb7 $16 51. Qg8+ $2 (51. Qd8 $1 $16 ) 51... Rf7 $18 52. Bc3 a5 53. Qd8 $2 (53. Bxa5 Qxc5 54. Qd8 Rf8 $15 (54... Qxe3 $2 55. Qe8+ Kd5 56. Qxf7+ $18)) (53. Bb2 $18 {Threatens to win with Bd4.} a4 54. e4) 53... a4 $2 (53... Rb7 $16) 54. Bd4 $2 (54. e4 $18) 54... Kf5 $16 (54... a3 $2 55. Qa5 $18) 55. Qb8 Ke6 {[%emt 0:01:53] [#]} 56. e4 (56. Qe5+ $1 $16 Kd7 57. Qf4) 56... Rb7 $2 (56... Rxf6 $11 57. Bxf6 Kxf6) 57. Qg8+ $18 Rf7 58. Qb8 $2 (58. Bb2 $18 a3 59. Bc3 (59. Bxa3 Kxf6 60. Qh8+ Ke6 $11)) 58... Rb7 $16 {[%emt 0:01:05] [#]} 59. Qe5+ (59. Qf8 $1 $16 ) 59... Kf7 $11 60. Qd5+ (60. Qf4 $1 $11 {was the only way to keep the balance.}) 60... Qxd5 $17 61. exd5 Rb1+ 62. Kh2 {[%emt 0:00:08] [#]} Rc1 $1 (62... Rd1 $2 63. c6 Rxd4 64. c7 $18) 63. c6 a3 64. Be5 a2 65. d6 a1=Q (65... a1=B 66. Bxa1 Rxc6 (66... Rxa1 $2 67. c7 $18) 67. Be5 $19) (65... a1=R $2 66. d7 Ra8 (66... Rh1+ 67. Kg3 $14) 67. c7 $18) 66. Bxa1 Rxc6 $1 (66... Rxa1 $2 67. c7 Kxf6 68. d7 $18 (68. c8=B $2 {is the wrong capture.} Rd1 $17) (68. c8=R Ke6 $11)) 67. Be5 Rc5 68. Bb2 Rd5 69. Kg3 Rxd6 70. Kh2 Rd3 71. Kg1 Ke6 72. Kh2 g5 73. Kg1 h5 74. Kf1 Rd7 75. Ke2 Kf5 76. Ke3 Kg6 77. Bc3 Ra7 78. Bd4 Ra4 79. Be5 Ra5 80. Bd4 Rf5 81. Ke4 Rf1 82. Ke3 Rf5 83. Ke4 $1 Rf4+ 84. Ke3 Kf5 85. Kd3 (85. g3 $17 {was necessary.} Re4+ 86. Kd3) 85... Ke6 $19 86. Bc3 $2 (86. Ke3 $19) 86... Rf2 87. g4 Rf3+ 88. Kd2 h4 89. Bd4 Rxh3 90. Ke2 Rg3 0-1